 Dungeon Crawl Stone Soup version 0.28-a0-1429-gf3d713df7a (webtiles) character file.

Game seed: 7989913719240048350

6 Deminshera the Sneak (level 1, -3/11 HPs)
             Began as a Vine Stalker Brigand on Jan 8, 2022.
             Slain by a goblin (4 damage)
             ... led by Robin
             ... on level 2 of the Dungeon.
             The game lasted 00:00:20 (815 turns).

Deminshera the Sneak (Vine Stalker Brigand)          Turns: 815, Time: 00:00:21

Health: -3/11      AC:  3    Str: 13    XL:     1   Next: 90%
Magic:  0/2        EV: 11    Int: 11    God:
Gold:   73         SH:  0    Dex: 15    Spells: 0/0 levels left

rFire   . . .      SeeInvis .   a - +2 dagger
rCold   . . .      Faith    .   (no shield)
rNeg    . . .      Spirit   +   b - +0 robe
rPois   .          Reflect  .   (no helmet)
rElec   .          Harm     .   c - +0 cloak
rCorr   .          Rampage  .   (no gloves)
Will    .....                   (no boots)
Stlth   +++.......              (no amulet)
HPRegen 0.03/turn               (no ring)
MPRegen 0.08/turn               (no ring)

@: no status effects
A: fangs 2, magic shield, antimagic bite, no potion heal 2
a: no special abilities


You were on level 2 of the Dungeon.
You visited 1 branch of the dungeon, and saw 2 of its levels.

You collected 73 gold pieces.

Inventory:

Hand Weapons
 a - a +2 dagger (weapon)
Missiles
 d - 8 poisoned darts (quivered)
 e - 2 curare-tipped darts
Armour
 b - a +0 robe (worn)
 c - a +0 cloak (worn)
Scrolls
 h - a scroll of summoning {unknown}
 i - a scroll of teleportation {unknown}
Potions
 f - a potion of magic {unknown}
 g - a potion of heal wounds {unknown}
 j - a potion of degeneration {unknown}


   Skills:
 * Level 2.0 Fighting
 + Level 1.9 Short Blades
 + Level 1.9 Throwing
 - Level 0.7 Dodging
 + Level 4.9 Stealth


You couldn't memorise any spells.
You didn't know any spells.
Your spell library was empty.

Dungeon Overview and Level Annotations

Branches:
Dungeon (2/15)

Altars:

Annotations:
D:2 Robin


Innate Abilities, Weirdness & Mutations

You have extremely sharp teeth.
When hurt, damage is shared between your health and your magic reserves.
Your bite disrupts and absorbs the magic of your enemies.
Potions cannot restore your health.


Message History

Key pressed, stopping explore.
No target in view!
There is an open door here.
Done exploring.
No target in view!
Done exploring.
No target in view!
Done exploring.
No target in view!
Done exploring.
There is a stone staircase leading down here.
You climb downwards.
The goblin shouts! x4; The hobgoblin shouts!
The goblin shouts!
Found a mace.
There is a stone staircase leading up here.
There are monsters nearby!
A hobgoblin comes into view.
The goblin hits you with a +0 club.
The goblin unwields a +0 dagger.
The goblin wields a +0 hunting sling.
The goblin shoots a stone.
The stone closely misses you. Robin throws the goblin at you!
You completely miss the goblin.
The goblin shouts!
The hobgoblin shouts!
You bite the goblin. You drain its power.
You feel invigorated.
The goblin is moderately wounded.
The goblin closely misses you. The goblin hits you with a +0 club.
Robin throws the goblin at you!
You are too injured to fight recklessly!
There are monsters nearby!
There are monsters nearby!
The goblin hits you with a +0 club.
* * * LOW HITPOINT WARNING * * *
The goblin shoots a stone.
The stone hits you.
* * * LOW HITPOINT WARNING * * *
Robin roars a battlecry!
The goblins go into a battle-frenzy!
A goblin comes into view. It is wielding a +0 club.
The goblin shouts!
There is a stone staircase leading up here.
The goblin hits you with a +0 club.
You die...

###### #....#
. #)...#
...#....#
.......g####
#..ggg@..#
##.ggg##......
#..gg# ....#
#..gg# ...#
#..gg# ..#
#....# .#
##.... . ##g#.


You could see Robin, 3 hobgoblins and 10 goblins.

Vanquished Creatures
  A goblin (D:1)
  2 hobgoblins (D:1)
  2 kobolds (D:1)
  A rat (D:1)
6 creatures vanquished.

Notes
Turn   | Place    | Note
-------+----------+-------------------------------------------
     0 | D:1      | Deminshera the Vine Stalker Brigand began the quest for the
                  | Orb.
     0 | D:1      | Reached XP level 1. HP: 11/11 MP: 2/2
    97 | D:1      | Found a faded altar of an unknown god.
   811 | D:2      | Noticed Robin
   815 | D:2      | Slain by a goblin

Illustrated notes

Levels and vault maps discovered:
D:1:      dpeg_arrival_solitude, layout_basic,
          hellmonk_ecumenical_altar_lost_god
D:2:      layout_rooms, minmay_misc_feat_nine_boxes, grunt_ministairs_9,
          uniq_robin, uniq_sigmund

Skill      XL: |  1 |
---------------+----+-----
Fighting       | 2 |  2.0
Short Blades   | |  1.9
Throwing       | |  1.9
Dodging        | |  0.7
Stealth        | |  4.9

Action                   || total
-------------------------++-------
Melee: Dagger            ||    12
       Bite              ||     1
Dodge: Dodged            ||     5

Table legend: (Time is in decaauts)
 A = Elapsed time spent in this place.
 B = Non-inter-level travel time spent in this place.
 C = Inter-level travel time spent in this place.
 D = Time resting spent in this place.
 E = Time spent auto-exploring this place.
 F = Levels seen in this place.
 G = Mean time per level.
                   A        B        C        D        E       F      G
               +--------+--------+--------+--------+--------+-----+--------+
         Total |    813 |    785 |     28 |      0 |    731 |   2 |  406.5 |
       Dungeon |    813 |    785 |     28 |      0 |    731 |   2 |  406.5 |
               +--------+--------+--------+--------+--------+-----+--------+

Top non-repeatable levels by time:
     D:1: 810 daAuts
     D:2: 3 daAuts
